 Dungeon Crawl Stone Soup version 0.31-a0-1068-g5939ac1fb6 (webtiles) character file.

Game seed: 9174302403969848569

21912 Dirtsage the Carver (level 12, -7/94 (96) HPs)
             Began as a Demonspawn Monk on Nov 24, 2023.
             Was an Elder of Wu Jian.
             Mangled by a hell rat (11 damage)
             ... on level 3 of the Lair of Beasts.
             The game lasted 00:29:35 (11833 turns).

Dirtsage the Carver (Demonspawn Monk)              Turns: 11833, Time: 00:29:35

HP:   -7/94 (96)    AC: 24    Str: 13    XL:     12   Next: 58%
MP:   12/12         EV: 18    Int: 13    God:    Wu Jian [****..]
Gold: 462           SH:  7    Dex: 29    Spells: 9/11 levels left

rFire   . . .        s - +1 rapier of Precise Incision {heavy, rPois Int+2 Dex+3}
rCold   . . .        J - +0 buckler {reflect}
rNeg    . . .        H - +5 ring mail of the Evening {Dex+3}
rPois   +            (helmet restricted)
rElec   .            f - +0 cloak
rCorr   +            j - +2 pair of gloves {Dex+3}
SInv    .            P - +0 pair of boots
Will    .....        G - amulet of the acrobat
Stlth   ++           u - +4 ring of protection
HPRegen 0.35/turn    C - ring of resist corrosion
MPRegen 0.13/turn

%: reflection, acrobat
@: exhausted, lightly drained
A: antennae 1, yellow scales 2, demonic magic 1
a: Renounce Religion, Wall Jump, Serpent's Lash


You were on level 3 of the Lair of Beasts.
You worshipped Wu Jian.
Wu Jian was greatly pleased with you.
You visited 3 branches of the dungeon, and saw 15 of its levels.

You collected 1014 gold pieces.
You spent 552 gold pieces at shops.

Inventory:

Hand Weapons
 b - a +4 vampiric long sword
 s - the +1 rapier of Precise Incision (weapon) {heavy, rPois Int+2 Dex+3}
   (You took it off a centaur on level 8 of the Dungeon)

   Int+2:     It affects your intelligence (+2).
   Dex+3:     It affects your dexterity (+3).
   rPois:     It protects you from poison
 O - the +8 falchion of Untruth {venom, rN+}
   (You found it on level 2 of the Lair of Beasts)

   rN+:       It protects you from negative energy.
Armour
 f - a +0 cloak (worn)
 j - a +2 pair of gloves of dexterity (worn)
 t - a +0 ring mail of cold resistance
 H - the +5 ring mail of the Evening (worn) {Dex+3}
   (You bought it in a shop on level 9 of the Dungeon)

   Dex+3:     It affects your dexterity (+3).
 J - a +0 buckler of reflection (worn)
 P - a +0 pair of boots (worn)
Jewellery
 u - a +4 ring of protection (left hand)
 C - a ring of resist corrosion (right hand)
 G - an amulet of the acrobat (around neck)
Wands
 y - a wand of polymorph (10)
 E - a wand of paralysis (8)
 L - a wand of light (4)
Scrolls
 g - 3 scrolls of fear
 i - 4 scrolls of identify
 k - 3 scrolls of enchant weapon
 m - 4 scrolls of enchant armour
 p - 2 scrolls of fog
 r - a scroll of torment
 w - 2 scrolls of amnesia
 B - 4 scrolls of blinking
 M - 2 scrolls of poison
Potions
 c - a potion of ambrosia
 d - 3 potions of might
 e - 2 potions of magic
 h - 2 potions of haste
 l - 4 potions of heal wounds
 n - 2 potions of resistance
 o - a potion of brilliance
 q - 5 potions of curing
 v - 2 potions of lignification
 z - a potion of invisibility {unknown}
 A - 2 potions of berserk rage
 K - 4 potions of enlightenment


   Skills:
 + Level 9.4 Fighting
 * Level 13.6 Long Blades
 + Level 8.0 Armour
 + Level 8.6 Dodging
 + Level 2.8 Shields


You had 9 spell levels left.
You knew the following spells:

 Your Spells              Type           Power      Damage    Failure   Level
a - Wereblood             Tmut           0%         N/A       77%         2

Your spell library contained the following spells:

 Spells                   Type           Power      Damage    Failure   Level
 Freeze                   Ice            0%         1d3       63%         1
 Shock                    Conj/Air       0%         1d3       63%         1
 Sublimation of Blood     Necr           0%         N/A       77%         2
 Dazzling Flash           Conj/Hex       0%         N/A       94%         3
 Frozen Ramparts          Ice            0%         1d1       94%         3
 Hailstorm                Conj/Ice       0%         3d3       94%         3
 Stone Arrow              Conj/Erth      0%         3d7       94%         3
 Swiftness                Air            0%         N/A       94%         3
 Volatile Blastmotes      Fire/Tloc      0%         2d10      94%         3
 Airstrike                Air            0%         2d(0-16)  100%        4
 Animate Armour           Summ/Erth      0%         N/A       100%        4
 Summon Lightning Spire   Summ/Air       0%         N/A       100%        4
 Starburst                Conj/Fire      0%         6d3       100%        6
 Monstrous Menagerie      Summ           0%         N/A       100%        7
 Summon Hydra             Summ           0%         N/A       100%        7
 Lehudib's Crystal Spear  Conj/Erth      0%         10d2      100%        8
 Maxwell's Capacitive Co  Air            0%         ∞         100%        8
 Summon Horrible Things   Summ           0%         N/A       100%        8


Dungeon Overview and Level Annotations

Branches:
Dungeon (11/15)            Temple (1/1) D:7            Lair (3/5) D:9
  Swamp (0/4) Lair:2       Spider (0/4) Lair:2          Orc (0/2) D:9

Altars:
Ashenzari
Cheibriados
Dithmenos
Fedhas
Gozag
Hepliaklqana
Kikubaaqudgha
Makhleb
Nemelex Xobeh
Okawaru
Qazlal
Ru
Sif Muna
Trog
Uskayaw
Vehumet
Wu Jian
Xom
Yredelemnul

Shops:
D:8 =   D:9 [(   D:10 ![

Annotations:
D:11 exclusion: orange crystal statue
Lair:1 2 transporters, MrCrawl's ghost, journeyman DrFE


Innate Abilities, Weirdness & Mutations

You have a pair of small antennae on your head.
You are mostly covered in yellow scales. (AC +3)
Spells you cast may paralyse adjacent enemies.


Message History

The blink frog blinks! x2
The seven-headed hydra bites you but does no damage.
The seven-headed hydra bites you!
* * * LOW HITPOINT WARNING * * *
The seven-headed hydra bites you but does no damage.
You block the seven-headed hydra's attack.
The seven-headed hydra bites you but does no damage.
The seven-headed hydra closely misses you.
You block the seven-headed hydra's attack.
You take 8 damage, and have 17/94 hp.
You completely miss the seven-headed hydra.
The seven-headed hydra is heavily wounded.
The hell rat bites you but does no damage.
The seven-headed hydra bites you.
* * * LOW HITPOINT WARNING * * *
The seven-headed hydra barely misses you.
The seven-headed hydra closely misses you.
The seven-headed hydra bites you but does no damage.
The seven-headed hydra closely misses you. x2
The seven-headed hydra bites you but does no damage.
You take 4 damage, and have 13/94 hp.
The hell rat roars deafeningly!
You puncture the seven-headed hydra!
The seven-headed hydra is severely wounded.
You hear a loud, deep croak!
The seven-headed hydra barely misses you.
You block the seven-headed hydra's attack. x2
The seven-headed hydra misses you.
The seven-headed hydra barely misses you.
The seven-headed hydra bites you but does no damage.
The seven-headed hydra bites you!
* * * LOW HITPOINT WARNING * * *
The hell rat bites you but does no damage.
The hell rat bites you.
* * * LOW HITPOINT WARNING * * *
You take 10 damage, and have 3/94 hp.
You spin and attack the hell rat.
You puncture the hell rat!
The hell rat is heavily wounded.
The hell rat closely misses you. The hell rat bites you!
You die...

#. #. P###..
......
......######
........#..##.#.
................
.......<@##
.P##.#P#Dr#
###rl# ##r##


#rrr# ##......... #......... .......... ........... You could see a seven-headed
hydra, a wyvern and 6 hell rats.

Vanquished Creatures
  A hydra (Lair:3)
  A boulder beetle (Lair:2)
  A two-headed ogre (D:11)
  3 death yaks (D:9)
  A soul eater (D:11)
  2 bog bodies (Lair:2)
  An ugly thing (D:11)
  Maurice (D:11)
  A black mamba (Lair:1)
  An orange demon (D:11)
  4 cane toads (Lair:1)
  2 unseen horrors
  An ice devil (D:11)
  4 komodo dragons
  2 unseen horror zombies (D:8)
  3 trolls
  2 hornets
  13 blink frogs (Lair:2)
  2 wyverns
  A shadow (D:10)
  18 yaks
  A ynoxinul (D:11)
  A vampire (D:11)
  3 redbacks (Lair:2)
  3 steam dragons
  A neqoxec (D:11)
  7 water moccasins
  4 orc warriors
  2 sky beasts
  2 ogres
  A centaur (D:8)
  5 wolves (Lair:2)
  A phantom (D:4)
  12 bullfrogs
  A wyvern zombie (D:8)
  A gnoll sergeant (D:6)
  A scorpion (Lair:1)
  2 wights (D:8)
  8 killer bees (D:10)
  A vampire bat (D:4)
  2 howler monkeys
  An electric eel (D:8)
  2 hounds
  2 jellies
  5 orc priests
  A gnoll bouda (D:6)
  An iguana (D:5)
  8 orc wizards
  2 hell rats
  2 killer bee zombies (D:8)
  2 howler monkey zombies (D:8)
  19 gnolls
  7 adders
  3 dart slugs
  3 fire bats (D:4)
  34 orcs
  2 spectral bats (D:4)
  3 bat skeletons (D:4)
  A bat zombie (D:4)
  4 endoplasms
  3 giant cockroaches
  7 goblins
  9 hobgoblins
  4 jackals (D:1)
  10 kobolds
  7 quokkas
  6 ball pythons
  12 bats
  A bat simulacrum (D:4)
  A frilled lizard (D:1)
  10 rats
296 creatures vanquished.

Notes
Turn   | Place    | Note
-------+----------+-------------------------------------------
     0 | D:1      | Dirtsage the Demonspawn Monk began the quest for the Orb.
     0 | D:1      | Reached XP level 1. HP: 18/18 MP: 1/1
    61 | D:1      | Reached skill level 3 in Long Blades
   166 | D:1      | Gained mutation: You are partially covered in yellow
                  | scales. (AC +2) [demonic ancestry]
   166 | D:1      | Reached XP level 2. HP: 24/24 MP: 2/2
   270 | D:1      | Gained mutation: You are mostly covered in yellow scales.
                  | (AC +3) [demonic ancestry]
   270 | D:1      | Reached XP level 3. HP: 29/29 MP: 3/3
   368 | D:1      | Found a faded altar of an unknown god.
   410 | D:1      | Reached skill level 4 in Long Blades
   885 | D:2      | Reached XP level 4. HP: 35/35 MP: 4/4
  1040 | D:3      | Reached skill level 5 in Long Blades
  1063 | D:3      | Reached XP level 5. HP: 41/41 MP: 5/5
  1180 | D:3      | HP: 2/41 [orc priest/divine providence (10)]
  1446 | D:3      | Found a sacrificial altar of Ru.
  1449 | D:3      | Found a blossoming altar of Fedhas.
  1499 | D:3      | Reached skill level 6 in Long Blades
  1973 | D:4      | Gained mutation: You have a pair of small antennae on your
                  | head. [demonic ancestry]
  1973 | D:4      | Reached XP level 6. HP: 47/47 MP: 6/6
  2500 | D:4      | Reached skill level 7 in Long Blades
  2563 | D:4      | Reached XP level 7. HP: 52/52 MP: 7/7
  3008 | D:5      | Entered Level 5 of the Dungeon
  4046 | D:6      | Reached skill level 1 in Armour
  4115 | D:6      | Reached skill level 8 in Long Blades
  4225 | D:6      | Reached XP level 8. HP: 23/60 MP: 8/8
  5582 | D:7      | Got Mnoleg's Omnibus of Accomplices
  5640 | D:7      | Found a staircase to the Ecumenical Temple.
  5665 | Temple   | Entered the Ecumenical Temple
  5691 | Temple   | Became a worshipper of the Wu Jian Council
  5691 | Temple   | Reached * piety under Wu Jian
  5691 | Temple   | Reached ** piety under Wu Jian
  6031 | D:8      | Reached skill level 9 in Long Blades
  6041 | D:8      | Gained mutation: Spells you cast may paralyse adjacent
                  | enemies. [demonic ancestry]
  6041 | D:8      | Reached XP level 9. HP: 61/67 MP: 9/9
  6097 | D:8      | Reached skill level 5 in Fighting
  6240 | D:8      | Found a bloodstained altar of Trog.
  6241 | D:8      | Paralysed by a hornet for 1 turns
  6247 | D:8      | Reached skill level 5 in Dodging
  6320 | D:8      | Found Leex's Jewellery Boutique.
  6393 | D:8      | Identified the +1 rapier of Precise Incision {heavy, rPois
                  | Int+2 Dex+3}
  6486 | D:8      | Reached skill level 10 in Long Blades
  6807 | D:9      | Noticed a death yak
  6807 | D:9      | Noticed a death yak
  6815 | D:9      | Noticed a death yak
  6828 | D:9      | Killed a death yak
  6837 | D:9      | Killed a death yak
  6838 | D:9      | Reached skill level 5 in Armour
  6838 | D:9      | Reached XP level 10. HP: 77/77 MP: 10/10
  6848 | D:9      | Killed a death yak
  6860 | D:9      | Found a staircase to the Lair.
  6933 | D:9      | Found a hazy altar of Hepliaklqana.
  6984 | D:9      | Reached skill level 11 in Long Blades
  7066 | D:9      | Found Nyweu's Weapon Shop.
  7324 | D:9      | Found a staircase to the Orcish Mines.
  7326 | D:9      | Found Sudgh's Armour Boutique.
  7348 | D:9      | Bought the +5 ring mail of the Evening {Dex+3} for 507 gold
                  | pieces
  7858 | D:9      | Reached *** piety under Wu Jian
  8016 | D:10     | Entered Level 10 of the Dungeon
  8188 | D:10     | Found Goses's Armour Shoppe.
  8200 | D:10     | Reached XP level 11. HP: 56/84 MP: 11/11
  8387 | D:10     | Found Xagud's Distillery.
  8398 | D:10     | Bought a potion of curing for 45 gold pieces
  8687 | D:11     | Noticed an orange crystal statue
  8817 | D:11     | Noticed a two-headed ogre
  8832 | D:11     | Killed a two-headed ogre
  8938 | D:11     | Noticed Maurice
  8955 | D:11     | Killed Maurice
  8956 | D:11     | Reached skill level 12 in Long Blades
  9325 | D:11     | Identified the +1 leather armour of Pride {Int+2 Dex-5
                  | SInv}
  9328 | D:11     | Noticed a brown ugly thing
  9342 | D:11     | Killed a brown ugly thing
  9524 | D:11     | Noticed a soul eater
  9545 | D:11     | Killed a soul eater
  9994 | Lair:1   | Entered Level 1 of the Lair of Beasts
 10172 | Lair:1   | Found a transporter.
 10172 | Lair:1   | Noticed a spriggan rider
 10262 | Lair:1   | Found a transporter.
 10267 | Lair:1   | Noticed MrCrawl's ghost (journeyman DrFE)
 10272 | Lair:1   | Found a bloodstained altar of Trog.
 10445 | Lair:1   | Reached **** piety under Wu Jian
 10758 | Lair:1   | Identified a scroll of acquirement
 10758 | Lair:1   | Acquired a +0 buckler of reflection
 10847 | Lair:2   | Reached XP level 12. HP: 69/94 MP: 12/12
 11011 | Lair:2   | Reached skill level 13 in Long Blades
 11065 | Lair:2   | Found a hole to the Spider Nest.
 11084 | Lair:2   | Reached skill level 1 in Shields
 11198 | Lair:2   | Learned a level 2 spell: Wereblood
 11205 | Lair:2   | Found a staircase to the Swamp.
 11351 | Lair:2   | Identified the +8 falchion of Untruth {venom, rN+}
 11651 | Lair:2   | Noticed a boulder beetle
 11668 | Lair:2   | Killed a boulder beetle
 11807 | Lair:3   | Noticed a six-headed hydra
 11821 | Lair:3   | Noticed a seven-headed hydra
 11826 | Lair:3   | Killed a six-headed hydra
 11832 | Lair:3   | HP: 3/94 [hell rat (3)]
 11833 | Lair:3   | Mangled by a hell rat

Illustrated notes

Levels and vault maps discovered:
D:1:      eino_arrival_druids_welcome, layout_rooms,
          hellmonk_ecumenical_altar_prayer_group, hangedman_decor_peaks_small
D:2:      layout_rooms, basic_altar
D:3:      layout_loops_ring, nicolae_overflow_hidden_temple,
          minmay_misc_feat_hallway, minmay_cupped
D:4:      layout_basic, grunt_ministairs_15, minivault_26, serial_park_tiny_1,
          goddamned_bats
D:5:      layout_basic, mainiacjoe_overflow_concentric_impassable
D:6:      layout_loops_ring
D:7:      layout_rooms, minmay_temple_entry_arrows
D:8:      layout_cave_pools, old_standard_altar, serial_shops,
          nicolae_shop_waterfront, serial_undead, serial_undead_a,
          serial_undead_f, serial_undead_c, serial_undead_f, serial_undead_e,
          serial_undead_e
D:9:      layout_basic, mainiacjoe_overflow_catwalk, dpeg_lair_monsters,
          orc_david_3, serial_shops, shop
D:10:     layout_roguey, serial_shops, nicolae_shop_industrial_runoff, shop
D:11:     layout_roguey, serial_demonic, serial_demonic_d, serial_demonic_e,
          serial_demonic_b, serial_demonic_c, minmay_protected_statue,
          uniq_maurice
Temple:   bh_familiar_temple
Lair:1:   layout_gridlike, gammafunk_ghost_wrathful_warriors, grunt_megastairs_1
Lair:2:   layout_hall_layers, skrybe_swamp_entry_bodies, spider_nest_entry_webs
Lair:3:   layout_chaotic_city, portal_ice_cave_entry_ice_simulacra, basic_altar,
          serial_rivers, chequers_serial_rivers_micro_b,
          chequers_serial_rivers_small_a, chequers_serial_rivers_micro_c,
          chequers_serial_rivers_room_a, chequers_serial_rivers_micro_b,
          grunt_megastairs_2

Skill      XL: |  1  2  3  4  5  6  7  8  9 10 11 12 |
---------------+-------------------------------------+-----
Long Blades    | 3 4 5 6 7 8 9 10 11 12 13 | 13.6
Dodging        | 3 4 5 6 8 |  8.6
Armour         | 2 3 5 6 7 8 |  8.0
Fighting       | 4 6 7 8 9 |  9.4
Shields        | 2 |  2.8

Action                     |  1- 3 |  4- 6 |  7- 9 | 10-12 || total
---------------------------+-------+-------+-------+-------++-------
  Melee: Falchion          |   131 |   206 |    70 |    16 ||   423
         Long sword        |       |       |   243 |   571 ||   814
         Rapier            |       |       |       |    20 ||    20
 Invoke: Serpent's Lash    |       |       |       |     2 ||     2
Ability: Lunge             |       |       |     9 |    28 ||    37
         Whirlwind         |       |       |    20 |   142 ||   162
  Evoke: Wand              |       |       |       |    13 ||    13
    Use: Scroll            |       |       |     6 |    12 ||    18
         Potion            |       |       |     4 |       ||     4
   Stab: Distracted        |       |       |     1 |       ||     1
         Paralysed         |       |       |       |     5 ||     5
         Held in net/web   |       |       |       |     1 ||     1
 Armour: Ring mail         |    65 |   126 |   261 |   313 ||   765
         Robe              |     6 |       |       |       ||     6
  Dodge: Dodged            |    89 |   123 |   212 |   351 ||   775
  Block: Buckler           |       |       |       |    46 ||    46

Table legend: (Time is in decaauts)
 A = Elapsed time spent in this place.
 B = Non-inter-level travel time spent in this place.
 C = Inter-level travel time spent in this place.
 D = Time resting spent in this place.
 E = Time spent auto-exploring this place.
 F = Levels seen in this place.
 G = Mean time per level.
                   A        B        C        D        E       F      G
               +--------+--------+--------+--------+--------+-----+--------+
         Total |  11769 |  11153 |    616 |    285 |   9000 |  15 |  784.6 |
       Dungeon |   9906 |   9376 |    530 |    285 |   7528 |  11 |  900.5 |
        Temple |     51 |      3 |     48 |      0 |      0 |   1 |   51.0 |
          Lair |   1811 |   1773 |     38 |      0 |   1472 |   3 |  603.7 |
               +--------+--------+--------+--------+--------+-----+--------+

Top non-repeatable levels by time:
     D:9: 1315 daAuts
     D:6: 1307 daAuts
    D:11: 1126 daAuts
     D:4: 1036 daAuts
     D:3: 973 daAuts
  Lair:2: 951 daAuts
     D:5: 931 daAuts
  Lair:1: 830 daAuts
    D:10: 798 daAuts
     D:7: 716 daAuts
     D:8: 692 daAuts
     D:1: 585 daAuts
     D:2: 422 daAuts
  Temple: 51 daAuts
  Lair:3: 30 daAuts
